 Dungeon Crawl Stone Soup version 0.31.0-32-g396128a36d (webtiles) character file.

Game seed: 1673098260458627026

2299 qwertt the Cutter (level 9, -2/75 HPs)
             Began as a Green Draconian Wanderer on Mar 17, 2024.
             Was an Initiate of Qazlal.
             Shot with a bolt by an orc warrior (17 damage)
             ... on level 7 of the Dungeon.
             The game lasted 01:26:36 (7297 turns).

qwertt the Cutter (Green Draconian Wanderer)        Turns: 7297, Time: 01:26:36

Health: -2/75      AC:  9    Str: 21    XL:     9   Next: 17%
Magic:  10/10      EV: 13    Int: 12    God:    Qazlal [......]
Gold:   297        SH:  0    Dex: 12    Spells: 9/10 levels left

rFire   . . .        g - +4 rapier of Contention {spect, rN+}
rCold   . . .        (no shield)
rNeg    + + .        (body armour unavailable)
rPois   +            b - +0 hat
rElec   .            n - +0 cloak
rCorr   .            C - +0 pair of gloves
SInv    .            (no boots)
Will    +....        R - amulet of Liriess {Regen+ Str+3}
Stlth   +++          h - ring of positive energy
HPRegen 1.12/turn    U - ring of willpower
MPRegen 0.12/turn

%: no passive effects
@: no status effects
A: breathe noxious fumes, AC +7, unfitting armour, poison resistance,
cold-blooded
a: Breathe Noxious Fumes, Renounce Religion


You were on level 7 of the Dungeon.
You worshipped Qazlal.
Qazlal was noncommittal.
You visited 2 branches of the dungeon, and saw 8 of its levels.

You collected 297 gold pieces.

Inventory:

Hand Weapons
 g - the +4 rapier of Contention (weapon) {spect, rN+}
   (You acquired it on level 6 of the Dungeon)

   rN+:       It protects you from negative energy.
 i - a +0 dagger of electrocution
 j - a +0 long sword
 k - a +2 long sword of electrocution
 l - a +0 orcbow
 t - a +0 scythe
 u - a +1 dagger of freezing
 w - a +0 shortbow
 y - a +1 falchion of holy wrath
 A - a +0 dagger of draining
 F - a +0 trident
 H - a +2 short sword of draining
 J - a +0 trident of pain
 K - a +0 flail
 L - a +0 spear
 M - the +6 spear of Guile {freeze, Str+6 Dex-2}
   (You found it on level 5 of the Dungeon)

   Str+6:     It affects your strength (+6).
   Dex-2:     It affects your dexterity (-2).
 N - a +0 club
 P - a +1 antimagic mace
 Q - a +0 trident
 Y - a +0 sling of freezing
Missiles
 r - 3 poisoned darts
 v - 5 throwing nets
 z - 7 boomerangs (quivered)
 I - 4 large rocks
Armour
 b - a +0 hat (worn)
 n - a +0 cloak (worn)
 C - a +0 pair of gloves (worn)
Jewellery
 h - a ring of positive energy (left hand)
 E - an amulet of the acrobat
 R - the amulet of Liriess (around neck) {Regen+ Str+3}
   (You found it on level 5 of the Dungeon)

   [amulet of regeneration]

   Str+3:     It affects your strength (+3).
   Regen+:    It increases your rate of health regeneration.
 U - a ring of willpower (right hand)
Talismans
 x - a beast talisman
 B - a maw talisman
Wands
 f - a wand of quicksilver (6)
Scrolls
 e - a scroll of amnesia
 m - 2 scrolls of vulnerability
 o - 4 scrolls of immolation
 p - 2 scrolls of poison
 O - a scroll of brand weapon
 S - 2 scrolls of fear
Potions
 a - a potion of haste {unknown}
 c - a potion of lignification
 d - 5 potions of curing
 q - a potion of berserk rage {unknown}
 s - 2 potions of brilliance
 D - a potion of cancellation {unknown}
 G - 2 potions of heal wounds {unknown}


   Skills:
 + Level 5.8 Fighting
 + Level 5.8 Short Blades
 + Level 5.0 Polearms
 + Level 0.1 Throwing
 + Level 5.1 Dodging
 + Level 4.4 Stealth
 + Level 1.1 Spellcasting
 + Level 4.2 Alchemy
 + Level 2.3 Invocations
 + Level 1.1 Evocations


You had 9 spell levels left.
You knew the following spells:

 Your Spells              Type           Power      Damage    Failure   Level
a - Sting                 Conj/Alch      20%        1d4       13%         1

Your spell library contained the following spells:

 Spells                   Type           Power      Damage    Failure   Level
 Cigotuvi's Dreadful Rot  Necr/Alch/Air  8%         N/A       26%         2
 Slow                     Hex            0%         N/A       30%         1
 Summon Small Mammal      Summ           0%         N/A       30%         1
 Ensorcelled Hibernation  Hex/Ice        0%         N/A       41%         2
 Call Canine Familiar     Summ           0%         N/A       65%         3
 Confusing Touch          Hex            0%         N/A       65%         3
 Frozen Ramparts          Ice            0%         1d1       65%         3
 Fugue of the Fallen      Necr           0%         N/A       65%         3
 Ozocubu's Armour         Ice            0%         N/A       65%         3
 Sigil of Binding         Hex            0%         N/A       65%         3
 Vampiric Draining        Necr           0%         2d6       65%         3
 Petrify                  Alch/Erth      5%         N/A       77%         4
 Anguish                  Hex/Necr       0%         N/A       96%         4
 Summon Blazeheart Golem  Fire/Summ      0%         N/A       96%         4
 Freezing Cloud           Conj/Ice/Air   0%         6-21      100%        5
 Metabolic Englaciation   Hex/Ice        0%         N/A       100%        5


Dungeon Overview and Level Annotations

Branches:
Dungeon (7/15)             Temple (1/1) D:6

Altars:
Ashenzari
Cheibriados
Dithmenos
Elyvilon
Fedhas
Gozag
Hepliaklqana
Kikubaaqudgha
Nemelex Xobeh
Okawaru
Qazlal
Ru
Sif Muna
Uskayaw
Vehumet
Xom
Yredelemnul
Zin
The Shining One


Innate Abilities, Weirdness & Mutations

You can breathe blasts of noxious fumes.
Your lurid green scales are hard. (AC +7)
You cannot fit into any form of body armour.
Your system is resistant to poisons. (rPois)
You are cold-blooded and may be slowed by cold attacks.


Message History

Your +4 rapier of Contention {spect, rN+} completely misses the gnoll sergeant.
The gnoll sergeant hits you with a +0 spear of freezing.
The gnoll sergeant freezes you.
You barely miss the gnoll sergeant.
The gnoll sergeant is almost dead.
Your +4 rapier of Contention {spect, rN+} hits the gnoll sergeant.
You kill the gnoll sergeant!
Qazlal accepts your kill.
The orc warrior unwields a +0 hand axe.
The orc warrior wields a +0 arbalest.
The orc warrior shoots a bolt.
The bolt hits your +4 rapier of Contention {spect, rN+}!
Your spectral weapon shares its damage with you!
You swap places.
Your +4 rapier of Contention {spect, rN+} disappears.
The orc warrior unwields a +0 arbalest.
The orc warrior wields a +0 hand axe.
The orc warrior hits you with a +0 hand axe.
Things that are here:
a +0 spear of freezing; a +0 scale mail You hit the orc warrior but do no damage.
Your +4 rapier of Contention {spect, rN+} barely misses the orc warrior.
You barely miss the orc warrior. You punch the orc warrior.
The orc warrior is lightly wounded.
Your +4 rapier of Contention {spect, rN+} hits the orc warrior but does no damage.
The orc warrior hits you with a +0 hand axe!
The orc warrior hits your +4 rapier of Contention {spect, rN+} but does no damage.
You hit the orc warrior.
The orc warrior is lightly wounded.
Your +4 rapier of Contention {spect, rN+} hits the orc warrior.
The orc warrior hits you with a +0 hand axe!
* * * LOW HITPOINT WARNING * * *
The orc warrior barely misses your +4 rapier of Contention {spect, rN+}.
Your +4 rapier of Contention {spect, rN+} disappears.
The orc warrior unwields a +0 hand axe.
The orc warrior wields a +0 arbalest.
The orc warrior shoots a bolt.
The bolt hits you.
* * * LOW HITPOINT WARNING * * *
The orc warrior shoots a bolt.
The bolt misses you.
Found a stone staircase leading up.
The orc warrior shoots a bolt.
The bolt closely misses you.
The orc warrior shoots a bolt.
The bolt hits you!
You die...

..# #..........< #.#
..##.#.#.#.#.## ...
#.#...........# ...#
##.##.#.#.#.#.# >..#
>.#.......... ...#.
..##.#.#.#.#.#.# ...#.#
##.#.....))o....#
#####..###..##.#.#.#.#.#.#
# #.#...#...@........# #
#.##.##.#.#.#.#.#.# #
#.##.............. ###
#.###.#.#.#.#.#.#.#
..######.# #.....).......#
#........# ###############
########## #


You could see an orc warrior.

Vanquished Creatures
  Sigmund (D:6)
  A yak (D:7)
  Eustachio (D:6)
  Duvessa (D:6)
  2 water moccasins
  A sky beast (D:6)
  An orc warrior (D:6)
  A black bear (D:5)
  2 centaurs
  A bullfrog (D:6)
  2 gnoll sergeants
  2 scorpions
  Dowan (D:6)
  A howler monkey (D:6)
  A hound (D:6)
  2 bombardier beetles
  2 orc priests
  2 sleepcaps
  4 iguanas
  3 orc wizards
  8 adders
  13 gnolls
  A shadow imp (D:4)
  A white imp (D:7)
  2 ufetubi (D:7)
  A dart slug (D:1)
  35 orcs
  2 ball pythons
  4 endoplasms
  3 giant cockroaches
  10 goblins
  11 hobgoblins
  4 quokkas
  6 bats
  4 frilled lizards (D:1)
  12 kobolds
  8 rats
157 creatures vanquished.

Notes
Turn   | Place    | Note
-------+----------+-------------------------------------------
     0 | D:1      | qwertt the Draconian Wanderer began the quest for the Orb.
     0 | D:1      | qwertt set off with the following items: a +0 spear, a +0
                  | hat, a potion of lignification; and the following spell
                  | memorised: Sting; and the following spells available to
                  | memorise: Cigotuvi's Dreadful Rot, Petrify.
     0 | D:1      | Reached XP level 1. HP: 16/16 MP: 2/2
   224 | D:1      | Reached XP level 2. HP: 23/23 MP: 3/3
   864 | D:2      | Reached XP level 3. HP: 19/28 MP: 4/4
  1975 | D:3      | Reached XP level 4. HP: 35/35 MP: 5/5
  2635 | D:3      | Found a basalt altar of Yredelemnul.
  2693 | D:3      | Reached skill level 1 in Short Blades
  2693 | D:3      | Reached XP level 5. HP: 36/41 MP: 6/6
  3084 | D:4      | Reached skill level 1 in Stealth
  3246 | D:4      | Noticed a water moccasin
  3264 | D:4      | Killed a water moccasin
  3265 | D:4      | Reached XP level 6. HP: 23/50 MP: 7/7
  4364 | D:5      | Entered Level 5 of the Dungeon
  4370 | D:5      | Identified the amulet of Liriess {Regen+ Str+3}
  4383 | D:5      | Your scales start taking on a lurid green colour.
  4383 | D:5      | Reached XP level 7. HP: 57/57 MP: 8/8
  4383 | D:5      | Gained mutation: Your system is resistant to poisons.
                  | (rPois) [Green Draconian growth]
  4468 | D:5      | Found a sand-covered staircase.
  4734 | D:5      | Identified the +6 spear of Guile {freeze, Str+6 Dex-2}
  5197 | D:5      | Found a blossoming altar of Fedhas.
  5602 | D:6      | Got the Almanac of Frost
  5620 | D:6      | Reached XP level 8. HP: 66/66 MP: 9/9
  5656 | D:6      | Identified a scroll of acquirement
  5657 | D:6      | Acquired the +4 rapier of Contention {spect, rN+}
  5717 | D:6      | Noticed Sigmund
  5719 | D:6      | Noticed Duvessa
  5719 | D:6      | Noticed Dowan
  5734 | D:6      | Killed Sigmund
  5742 | D:6      | Killed Duvessa
  5755 | D:6      | Killed Dowan
  5772 | D:6      | Found a staircase to the Ecumenical Temple.
  6048 | D:6      | Noticed Eustachio
  6069 | D:6      | Killed Eustachio
  6070 | D:6      | Reached skill level 5 in Short Blades
  6070 | D:6      | Reached skill level 5 in Polearms
  6125 | D:6      | Reached skill level 5 in Fighting
  6775 | D:7      | Found a snail-covered altar of Cheibriados.
  6782 | D:7      | Reached skill level 5 in Dodging
  6871 | D:7      | Reached XP level 9. HP: 65/74 MP: 10/10
  7092 | Temple   | Entered the Ecumenical Temple
  7222 | Temple   | Became a worshipper of Qazlal Stormbringer
  7297 | D:7      | Shot with a bolt by an orc warrior

Illustrated notes

Levels and vault maps discovered:
D:1:      sevenhm_arrival_forest_fort_small_3, layout_basic
D:2:      layout_rooms, st_stairs_5
D:3:      layout_basic, yredelemnul_altar_generic
D:4:      layout_loops_ring, kennysheep_cross_room
D:5:      corexii_shantytown, layout_loops_ring, kennysheep_mini,
          nicolae_ossuary_entry_monument
D:6:      layout_loops_ring, minmay_temple_entry_from_below_b,
          amcnicky_mini_pool_small, minmay_misc_feat_pillars, uniq_eustachio,
          uniq_sigmund, uniq_duvessa
D:7:      layout_loops_cross, slow_altar_1, chequers_garden, st_stairs_11,
          amcnicky_mini_rare_corridor_liquid
Temple:   nicolae_temple_bog_church

Skill      XL: |  1  2  3  4  5  6  7  8 |
---------------+-------------------------+-----
Dodging        | 2 3 4 5 |  5.1
Polearms       | 2 3 5 |  5.0
Fighting       | 2 3 5 |  5.8
Short Blades   | 1 2 3 4 5 |  5.8
Stealth        | 2 3 4 |  4.4
Alchemy        | 4 |  4.2
Throwing       | |  0.1
Spellcasting   | |  1.1
Invocations    | |  2.3
Evocations     | |  1.1

Action                     |  1- 3 |  4- 6 |  7- 9 || total
---------------------------+-------+-------+-------++-------
  Melee: Spear             |   102 |       |    74 ||   176
         Dagger            |    57 |    36 |       ||    93
         Tailslap          |    14 |    18 |    36 ||    68
         Punch             |     1 |     4 |     6 ||    11
         Short sword       |       |   147 |    60 ||   207
         Rapier            |       |       |   132 ||   132
  Throw: Boomerang         |       |       |     3 ||     3
  Evoke: Wand              |       |       |     2 ||     2
    Use: Potion            |     2 |     3 |       ||     5
         Scroll            |     5 |     3 |     6 ||    14
   Stab: Sleeping          |     1 |     3 |     9 ||    13
         Distracted        |       |       |     4 ||     4
 Armour: Skin              |   100 |    99 |   157 ||   356
  Dodge: Dodged            |    89 |   104 |   154 ||   347
         Form:             |       |       |     1 ||     1
         Maw               |       |       |     1 ||     1
